 Dungeon Crawl Stone Soup version 0.13.1-19-g4b9377e (webtiles) character file.

1027 Kae the Archer (level 7, -1/53 HPs)
             Began as a Centaur Hunter on Dec 19, 2013.
             Was an Initiate of Okawaru.
             Slain by a centaur (9 damage)
             ... on Level 5 of the Dungeon.
             The game lasted 00:08:12 (4921 turns).

Kae the Archer (Centaur Hunter)                     Turns: 4921, Time: 00:08:13

HP  -1/53        AC  6     Str 14      XL: 7   Next: 66%
MP   4/4         EV  9     Int 10      God: Okawaru [......]
Gold 191         SH  0     Dex 12      Spells:  0 memorised,  6 levels left

Res.Fire  : . . .   See Invis. : .   a - +0 short sword
Res.Cold  : . . .   Warding    : .   d - +0 leather armour
Life Prot.: . . .   Conserve   : .   (no shield)
Res.Poison: .       Res.Corr.  : .   (no helmet)
Res.Elec. : .       Clarity    : .   t - +1 elf cloak
Sust.Abil.: . .     Spirit.Shd : .   (no gloves)
Res.Mut.  : .       Stasis     : .   (no barding)
Res.Rott. : .       Flight     : .   (no amulet)
Saprovore : . . .                    (no ring)
                                     (no ring)

@: very quick, slightly resistant to hostile enchantments, unstealthy
A: hooves 3, deformed body, herbivore 1, speed 2, fast metabolism 1, tough skin
3
a: Renounce Religion


You were on level 5 of the Dungeon.
You worshipped Okawaru.
Okawaru was noncommittal.
You were not hungry.

You visited 2 branches of the dungeon, and saw 6 of its levels.
You also visited: Sewer.

You collected 171 gold pieces.

Inventory:

Hand weapons
 a - a +0,+0 short sword (weapon)
 b - a +1,+1 bow
Missiles
 c - 41 arrows
 u - 16 arrows of flame
Armour
 d - a +0 leather armour (worn)
 t - a +1 elven cloak (worn)
Magical devices
 x - a wand of magic darts (8)
 y - a wand of draining (4) {unknown}
 E - a wand of disintegration (6) {unknown}
Comestibles
 f - 4 bread rations
 o - 3 meat rations
 F - an apple
Scrolls
 e - a scroll of remove curse {unknown}
 g - 2 scrolls of teleportation {unknown}
 i - a scroll of enchant weapon II {unknown}
 k - 2 scrolls of amnesia {unknown}
 l - 5 scrolls of identify {unknown}
 n - 3 scrolls of enchant armour {unknown}
 q - a scroll of recharging {unknown}
 B - a scroll of fog {unknown}
 D - a scroll of random uselessness {unknown}
Jewellery
 p - an uncursed ring of flight {unknown}
 z - a cursed ring of hunger {unknown}
Potions
 h - 4 potions of might
 j - a potion of agility {unknown}
 m - 2 potions of curing {unknown}
 r - a potion of restore abilities {unknown}
 s - a potion of resistance {unknown}
 v - 4 potions of heal wounds {unknown}
 w - a potion of brilliance {unknown}
 A - a potion of invisibility {unknown}
 C - a potion of poison {unknown}


   Skills:
 - Level 1.0 Fighting
 + Level 12.2 Bows
 - Level 1.3 Dodging
 - Level 0.5 Stealth


You had 6 spell levels left.
You didn't know any spells.

Dungeon Overview and Level Annotations

Branches:
Dungeon (5/27)             Temple (1/1) D:4

Altars:
Ashenzari
Cheibriados
Fedhas
Kikubaaqudgha
Makhleb
Nemelex Xobeh
Okawaru
Sif Muna
Trog
Vehumet
the Shining One

Shops:
D:4 *


Innate Abilities, Weirdness & Mutations

You have hooves in place of feet.
Armour fits poorly on your strangely shaped body.
You digest meat inefficiently.
You cover ground very quickly.
You have a fast metabolism.
You have extremely tough skin (AC +3).


Message History

The centaur hits you. The ogre barely misses you. The centaur hits you.
You barely miss the centaur.
The centaur is lightly wounded.
The centaur closely misses you. The ogre closely misses you.
The centaur hits you.
You closely miss the centaur. You kick the centaur.
The centaur is moderately wounded.
The centaur hits you. The ogre hits you with a giant club!
* * * LOW HITPOINT WARNING * * *
You are too injured to fight recklessly!
The centaur wields an uncursed bow.
The centaur shoots an arrow of frost.
The arrow of frost hits you!
* * * LOW HITPOINT WARNING * * *
You see here 2 arrows of frost.
Read which item? (? for menu, Esc to quit)
Okay, then.
Drink which item? (? for menu, Esc to quit)
Okay, then.
The centaur unwields an uncursed bow.
The centaur hits you!
You die...

.%#.. ...... ......# #
.....#.## .#
.........###.#
.........#...#
..........O###.#.#
.........(.c....... .
..#####(#@.###.###
..... #.#..# #.....
#.#..# ##..... #.#..#
......########.#..#
..................#
............##.##.###.
......................#
..........)..#........


You could see an ogre and a centaur.

Vanquished Creatures
  Edmund (D:4)
  A phantom (D:4)
  The ghost of Kae the Chopper, an average HOAK of Lugonu (D:3)
  2 giant frogs (Sewer)
  An orc priest (D:3)
  A big fish (D:5)
  2 orc wizards (D:3)
  6 worker ants
  3 giant mites (Sewer)
  3 adders
  A worm (D:3)
  3 giant geckos (Sewer)
  16 orcs
  9 giant cockroaches
  5 hobgoblins
  4 jackals (D:5)
  A quokka (D:2)
  6 ball pythons
  8 bats
  12 giant newts
  11 goblins
  11 kobolds
  8 rats
116 creatures vanquished.

Notes
Turn   | Place    | Note
--------------------------------------------------------------
     0 | D:1      | Kae, the Centaur Hunter, began the quest for the Orb.
     0 | D:1      | Reached XP level 1. HP: 17/17 MP: 0/0
   331 | D:1      | Reached XP level 2. HP: 18/24 MP: 1/1
   370 | D:1      | Reached skill level 6 in Bows
  1106 | D:2      | Found a deep blue altar of Sif Muna.
  1261 | D:2      | Reached XP level 3. HP: 29/29 MP: 2/2
  1599 | D:3      | Reached skill level 7 in Bows
  1609 | D:3      | Reached XP level 4. HP: 13/36 MP: 2/2
  1864 | D:3      | Noticed Kae's ghost (average HOAK)
  1887 | D:3      | Killed Kae's ghost
  1887 | D:3      | Reached skill level 8 in Bows
  1887 | D:3      | Reached XP level 5. HP: 21/41 MP: 3/3
  2166 | D:3      | Found a radiant altar of Vehumet.
  2295 | D:3      | Reached skill level 9 in Bows
  2474 | D:3      | HP: 2/41 [poisoned by an adder]
  2480 | D:3      | HP: 2/41 [poisoned by an adder]
  3218 | D:4      | Found a shattered altar of Ashenzari.
  3255 | D:4      | Found a staircase to the Ecumenical Temple.
  3308 | D:4      | Noticed Edmund
  3323 | D:4      | Killed Edmund
  3323 | D:4      | Reached skill level 10 in Bows
  3323 | D:4      | Reached XP level 6. HP: 30/48 MP: 4/4
  3345 | Temple   | Entered the Ecumenical Temple
  3356 | Temple   | Became a worshipper of Warmaster Okawaru
  3546 | D:4      | Found Xed Etivoece's Assorted Antiques.
  3927 | D:4      | Noticed a phantom
  3949 | D:4      | Killed a phantom
  3949 | D:4      | Reached skill level 11 in Bows
  3949 | D:4      | Reached XP level 7. HP: 40/53 MP: 4/4
  4044 | D:5      | Entered Level 5 of the Dungeon
  4133 | D:5      | Found a glowing drain.
  4185 | Sewer    | Entered a sewer
  4543 | Sewer    | Reached skill level 12 in Bows
  4921 | D:5      | Slain by a centaur

Action                   |  1- 3 |  4- 6 |  7- 9 || total
-------------------------+-------+-------+-------++-------
Melee: Short sword       |    95 |   116 |    74 ||   285
 Fire: Bow               |    15 |    96 |    36 ||   147
  Use: Potion            |       |     1 |       ||     1
 Stab: Sleeping          |       |     1 |       ||     1
